 Dungeon Crawl Stone Soup version 0.19.4-8-ga85b6b9 (webtiles) character file.

186 LORDOFBUTT the Vexing (level 5, -1/24 HPs)
             Began as a Spriggan Enchanter on Feb 10, 2017.
             Killed by divine providence
             ... invoked by an orc priest
              (11 damage)
             ... on level 3 of the Dungeon.
             The game lasted 00:04:20 (2848 turns).

LORDOFBUTT the Vexing (Spriggan Enchanter)          Turns: 2848, Time: 00:04:21

Health: -1/24      AC:  3    Str:  5    XL:     5   Next: 38%
Magic:  8/13       EV: 18    Int: 16    God:
Gold:   113        SH:  0    Dex: 17    Spells: 3 memorised, 7 levels left

rFire  . . .     SeeInvis +     a - +1 dagger
rCold  . . .     Gourm    .     b - +1 robe
rNeg   . . .     Faith    .     (shield restricted)
rPois  .         Spirit   .     (helmet restricted)
rElec  .         Reflect  .     (no cloak)
rCorr  .         Harm     .     (gloves unavailable)
MR     .....                    (boots unavailable)
Stlth  +++.......               (no amulet)
                                (no ring)
                                (no ring)

@: very quick
A: unfitting armour, see invisible, herbivore 3, speed 3, slow metabolism 2
a: no special abilities


You were on level 3 of the Dungeon.
You were hungry.

You visited 1 branch of the dungeon, and saw 3 of its levels.

You collected 113 gold pieces.

Inventory:

Hand Weapons
 a - a +1 dagger (weapon)
Armour
 b - a +1 robe (worn)
Jewellery
 s - an uncursed ring of see invisible {unknown}
Scrolls
 e - a scroll of recharging {unknown}
 f - 3 scrolls of immolation {unknown}
 g - a scroll of fear {unknown}
 i - a scroll of random uselessness {unknown}
 k - a scroll of remove curse {unknown}
 l - 3 scrolls of identify {unknown}
 m - 3 scrolls of magic mapping {unknown}
 n - a scroll of blinking {unknown}
 r - a scroll of fog {unknown}
 t - a scroll of enchant weapon {unknown}
Potions
 j - a potion of might {unknown}
 o - a potion of resistance {unknown}
 p - a potion of degeneration {unknown}
 q - 2 potions of curing {unknown}
Books
 c - a book of Maledictions

   Spells                             Type                      Level
   a - Corona                         Hexes                        1
   b - Ensorcelled Hibernation        Hexes/Ice                    2
   c - Confuse                        Hexes                        3
   d - Tukima's Dance                 Hexes                        3
   e - Dazzling Spray                 Conjuration/Hexes            3
Comestibles
 d - 2 bread rations
 h - a slice of pizza


   Skills:
 - Level 1.1 Short Blades
 - Level 3.0 Dodging
 + Level 5.2 Stealth
 * Level 4.8 Spellcasting
 * Level 5.4 Hexes
 + Level 1.0 Ice Magic


You had 7 spell levels left.
You knew the following spells:

 Your Spells              Type           Power        Failure   Level  Hunger
a - Corona                Hex            ###....      1%          1    None
b - Ensorcelled Hibernat  Hex/Ice        ##....       10%         2    ##.....
c - Confuse               Hex            ###.....     6%          3    ###....


Dungeon Overview and Level Annotations

Branches:
Dungeon (3/15)

Altars:
Nemelex Xobeh


Innate Abilities, Weirdness & Mutations

You are very small and have problems with some larger weapons.
You are too small for most types of armour.
You have supernaturally acute eyesight. (SInv)
You are a herbivore.
You cover ground extremely quickly.
You need consume almost no food.


Message History

The orc wizard looks drowsy...
The orc barely misses you.
The helpless orc wizard fails to defend itself.
You impale the orc wizard!!
You kill the orc wizard!
Your Ice Magic skill increases to level 1!
The orc priest seems less confused.
The orc hits you but does no damage.
You hit the orc priest.
The orc priest is lightly wounded.
The orc priest barely misses you. The orc completely misses you.
You hit the orc priest.
The orc priest is lightly wounded.
The orc priest barely misses you. The orc barely misses you.
You barely miss the orc priest.
The orc priest is lightly wounded.
The orc priest misses you.
The orc priest mumbles some strange prayers to Beogh against you.
Pain shoots through your body!
The orc priest mumbles some strange prayers to Beogh against you.
Beogh smites you!
You die...

####.....).# ### #.#####.####
...+.......# #.# #.##.......#
####.)....o######)# #.#.....####
# #..............###.##..#.# #
######.....#..........[#.# #
#...o....#..........# # ###
#........#.#........# ###.#
#..........#..##.#..# ....#
######..@.....##.#..# ###.#
#######..............#
###.####...............#.##.#
......##.#####.#.#.###...##.####
.####.##.#######...# #.#.....).#
.# #........<.###.# #.....#####
.# ############ #.# ####### .#
#.# .# #.#


You could see an orc priest and an orc.

Vanquished Creatures
  An orc priest (D:3)
  2 orc wizards (D:3)
  4 adders (D:2)
  An ooze (D:2)
  3 worms (D:2)
  3 dart slugs (D:2)
  3 leopard geckos
  4 orcs
  A ball python (D:3)
  5 bats (D:2)
  5 giant cockroaches
  4 goblins
  6 hobgoblins
  2 jackals (D:1)
  3 kobolds
  A frilled lizard (D:2)
  3 rats
51 creatures vanquished.

Notes
Turn   | Place    | Note
-------+----------+-------------------------------------------
     0 | D:1      | LORDOFBUTT the Spriggan Enchanter began the quest for the Orb.
     0 | D:1      | Reached XP level 1. HP: 9/9 MP: 5/5
   473 | D:1      | Reached XP level 2. HP: 6/13 MP: 7/7
   938 | D:1      | Learned a level 2 spell: Ensorcelled Hibernation
  1018 | D:2      | Reached XP level 3. HP: 14/16 MP: 3/9
  1075 | D:2      | Learned a level 3 spell: Confuse
  1801 | D:2      | Reached XP level 4. HP: 15/21 MP: 9/11
  2287 | D:2      | Found a sparkling altar of Nemelex Xobeh.
  2412 | D:3      | Reached skill level 5 in Stealth
  2412 | D:3      | Reached skill level 5 in Hexes
  2421 | D:3      | Reached XP level 5. HP: 24/24 MP: 0/13
  2838 | D:3      | Reached skill level 1 in Ice Magic
  2848 | D:3      | Killed from afar by an orc priest

Skill      XL: |  1  2  3  4  5 |
---------------+----------------+-----
Spellcasting   | 3 4 |  4.8
Hexes          | 4 5 |  5.4
Stealth        | 5 |  5.2
Ice Magic      | 1 |  1.0
Short Blades   | |  1.1
Dodging        | |  3.0

Action                   |  1- 3 |  4- 6 || total
-------------------------+-------+-------++-------
Melee: Dagger            |   149 |   113 ||   262
 Cast: Ensorcelled Hiber |     5 |     7 ||    12
       Confuse           |     1 |     3 ||     4
 Stab: Sleeping          |    11 |     9 ||    20
       Distracted        |       |     2 ||     2
       Confused          |       |     1 ||     1
Armor: Robe              |    25 |    12 ||    37
Dodge: Dodged            |   126 |   150 ||   276
